 Dungeon Crawl Stone Soup version 0.30.1-4-g462c640d31 (webtiles) character file.

Game seed: 14527363936037511370

509 croobank the Covert (level 7, -1/49 HPs)
             Began as an Octopode Delver on Sept 15, 2023.
             Slain by Duvessa
             ... wielding a +0 short sword
              (5 damage)
             ... on level 4 of the Dungeon on Sept 16, 2023.
             The game lasted 00:11:40 (2911 turns).

croobank the Covert (Octopode Delver)               Turns: 2911, Time: 00:11:41

Health: -1/49      AC:  8    Str: 18    XL:     7   Next: 19%
Magic:  7/7        EV: 14    Int: 14    God:
Gold:   215        SH:  0    Dex: 13    Spells: 6/6 levels left

rFire   . . .        a - +2 short sword (protect)
rCold   . . .        (no shield)
rNeg    + . .        (helmet restricted)
rPois   .            (no amulet)
rElec   .            s - +6 ring of strength
rCorr   .            t - ring of positive energy
SInv    .            (no ring)
Will    .....        (no ring)
Stlth   +++++        (no ring)
HPRegen 0.28/turn    (no ring)
MPRegen 0.10/turn    (no ring)
                     (no ring)

%: no passive effects
@: under a protective aura
A: almost no armour, amphibious, 8 rings, camouflage 1, gelatinous body 1,
(nimble swimmer 1), tentacles
a: no special abilities


You were on level 4 of the Dungeon.
You visited 1 branch of the dungeon, and saw 6 of its levels.

You collected 215 gold pieces.

Inventory:

Hand Weapons
 a - a +2 short sword of protection (weapon)
 b - a +0 sling
 c - a +0 trident
 h - a +0 falchion
 k - a +0 dagger of speed
 q - a +1 short sword of venom
Missiles
 p - 3 boomerangs (quivered)
Armour
 j - a +0 kite shield
Jewellery
 s - a +6 ring of strength (left tentacle)
 t - a ring of positive energy (right tentacle)
Wands
 f - a wand of digging (3)
Scrolls
 e - 3 scrolls of magic mapping
 l - a scroll of brand weapon
 n - 3 scrolls of fog
 r - a scroll of vulnerability
 u - a scroll of acquirement {unknown}
Potions
 d - a potion of attraction {unknown}
 i - a potion of mutation
 m - 2 potions of ambrosia


   Skills:
 + Level 4.7 Fighting
 + Level 4.1 Short Blades
 + Level 4.0 Dodging
 + Level 8.4 Stealth


You had 6 spell levels left.
You didn't know any spells.
Your spell library contained the following spells:

 Spells                   Type           Power      Damage    Failure   Level
 Dazzling Flash           Conj/Hex       0%         N/A       65%         3
 Agony                    Necr           0%         N/A       100%        5
 Silence                  Hex/Air        0%         N/A       100%        5


Dungeon Overview and Level Annotations

Branches:
Dungeon (6/15)
 Temple: D:4-7

Altars:
Elyvilon

Shops:
D:5 (

Annotations:
D:4 Duvessa


Innate Abilities, Weirdness & Mutations

You cannot wear most types of armour.
You are amphibious.
You can wear up to eight rings at the same time.
Your skin changes colour to match your surroundings (Stealth+).
Your rubbery body absorbs attacks. (AC +1, EV +1)
((You are camouflaged when in or above water. (Stealth+)))
You have tentacles for arms and can constrict up to eight enemies at once.


Message History

Your weapon exudes an aura of protection.
You grab Duvessa.
Duvessa is lightly wounded.
You constrict Duvessa. Duvessa hits you with a +0 short sword!
You hit Duvessa. You squeeze Duvessa.
Duvessa is lightly wounded.
You constrict Duvessa. Duvessa misses you.
A goblin comes into view. It is wielding a +0 dagger.
Okay, then.
Okay, then.
The goblin shouts!
You hit Duvessa but do no damage.
Duvessa is lightly wounded.
You constrict Duvessa. Duvessa hits you but does no damage.
You hit Duvessa but do no damage.
Duvessa is moderately wounded.
You constrict Duvessa. Duvessa hits you with a +0 short sword.
Duvessa hits you with a +0 short sword!
You puncture Duvessa! You squeeze Duvessa.
Duvessa is heavily wounded.
You constrict Duvessa. Duvessa barely misses you.
You hit Duvessa. You squeeze Duvessa, but do no damage.
Duvessa is heavily wounded.
You constrict Duvessa, but do no damage.
Duvessa hits you with a +0 short sword!
Okay, then.
Okay, then.
You hit Duvessa but do no damage. You squeeze Duvessa!
Duvessa is severely wounded.
You constrict Duvessa. Duvessa hits you with a +0 short sword!
* * * LOW HITPOINT WARNING * * *
Okay, then.
Okay, then.
The air fills with toxic fumes!
As you read the scroll labelled FIPLEI LAKO, it crumbles to dust.
It was a scroll of poison.
You constrict Duvessa. Duvessa hits you with a +0 short sword.
* * * LOW HITPOINT WARNING * * *
Duvessa hits you with a +0 short sword.
You die...

*,,,* #..#......
*****
#######..#..###.
#..§§§§..#..#.#.
#.§§§§§..#,...#.
#.§§§§§..#.##.#.
#§§§§§§..#......
###§§§§§§..####.##
#§§§§§§§§..#......
#@#......#.#....##
*#e########.#....).
*§g§,,,,,**.#####).
#§§§§,,,,**,#....).
**#§§§§§,,,,,,#.#....
*,§§§§§§§,,***#.#....
*,§§§§§§§§,* #.#....
*§§§§§§§§§§* #.#....
*,,,,,,,,,,* #.#....


You could see Duvessa (berserk) and a hobgoblin.

Vanquished Creatures
  3 scorpions
  Dowan (D:4)
  An orc priest (D:4)
  Terence (D:2)
  An orc wizard (D:4)
  A sleepcap (D:4)
  Robin (D:5)
  7 adders
  4 dart slugs
  7 orcs
  7 ball pythons
  8 bats
  7 endoplasms
  5 giant cockroaches
  15 goblins
  4 hobgoblins
  6 jackals
  A quokka (D:1)
  3 frilled lizards
  9 kobolds
  3 rats
95 creatures vanquished.

Notes
Turn   | Place    | Note
-------+----------+-------------------------------------------
     0 | D:5      | croobank the Octopode Delver began the quest for the Orb.
     0 | D:5      | Reached XP level 1. HP: 16/16 MP: 1/1
    50 | D:6      | Noticed a jelly
    84 | D:5      | Found Jiun's Weapon Shoppe.
    91 | D:5      | Noticed an iguana
   144 | D:4      | Noticed a scorpion
   174 | D:3      | Noticed a scorpion
   175 | D:3      | Killed a scorpion
   176 | D:3      | Reached skill level 7 in Stealth
   176 | D:3      | Reached XP level 2. HP: 21/21 MP: 2/2
   176 | D:3      | Reached XP level 3. HP: 26/26 MP: 3/3
   176 | D:3      | Reached XP level 4. HP: 31/31 MP: 4/4
   355 | D:2      | Found a white marble altar of Elyvilon.
   412 | D:2      | Noticed Terence
  1149 | D:1      | Reached XP level 5. HP: 36/37 MP: 5/5
  1627 | D:2      | Killed Terence
  2081 | D:4      | Reached XP level 6. HP: 30/43 MP: 6/6
  2113 | D:4      | Reached skill level 8 in Stealth
  2459 | D:4      | Noticed Robin
  2705 | D:5      | Reached XP level 7. HP: 49/49 MP: 7/7
  2720 | D:5      | Killed Robin
  2795 | D:4      | Noticed Dowan
  2797 | D:4      | Noticed Duvessa
  2860 | D:4      | Killed Dowan
  2911 | D:4      | Slain by Duvessa

Illustrated notes

Levels and vault maps discovered:
D:1:      saegor_arrival_simple_e, layout_basic
D:2:      cheibrodos_old_hovel, layout_basic, basic_altar, uniq_terence
D:3:      layout_rooms
D:4:      cheibrodos_pilgrimage, layout_basic, uniq_duvessa, uniq_robin
D:5:      layout_basic, makhleb_grotto_becter, minmay_temple_entry_nine_rooms,
          serial_shops, nicolae_shop_rolled_up, shop, nicolae_shop_statue_plus,
          shop_fountains, supply_closet_lemuel
D:6:      layout_basic

Skill      XL: |  1  2  3  4  5  6  7 |
---------------+----------------------+-----
Stealth        | 7 8 |  8.4
Short Blades   | 3 4 |  4.1
Dodging        | 3 4 |  4.0
Fighting       | 4 |  4.7

Action                     |  1- 3 |  4- 6 |  7- 9 || total
---------------------------+-------+-------+-------++-------
  Melee: Short sword       |     4 |   104 |    23 ||   131
         Tentacles         |     1 |    39 |     9 ||    49
         Dagger            |       |    69 |     9 ||    78
         Constrict         |       |    40 |     7 ||    47
         Punch             |       |     4 |       ||     4
   Fire: Sling             |       |    23 |       ||    23
  Throw: Boomerang         |       |       |     7 ||     7
    Use: Scroll            |     2 |     6 |     1 ||     9
         Potion            |       |     2 |       ||     2
   Stab: Sleeping          |     3 |    23 |       ||    26
 Armour: Skin              |       |    18 |     4 ||    22
  Dodge: Dodged            |       |    94 |    18 ||   112
